Map: Dusk Towers

Players

Riot

  • Race: Terran Terran
  • League: Master

Miszu - Winner!

  • Race: Protoss Protoss
  • League: Master

VOD

Have the link to the VOD?

Description

Time

  • Played on: April 4, 2016, 6:03 a.m.
  • Length: 15:56
Show
View Real Time Build Order
Export as new Build Order

Riot Terran 

Build Orders: Command Center First (CC), MMM Bio 

Get SALT Encoding   

  12  0:00  SCV  
  13  0:13  SCV  
  14  0:17  Supply Depot  
  14  0:25  SCV  
  15  0:39  SCV  
  16  0:51  SCV  
  17  1:00  Command Center  
  17  1:03  SCV  
  18  1:16  Barracks  
  18  1:18  SCV  
  19  1:30  SCV  
  20  1:35  Barracks  
  20  1:42  SCV  
  20  1:43  Refinery  
  22  1:57  SCV  
  22  2:05  Marine  
  23  2:10  Orbital Command  
  23  2:12  Orbital Command  
  23  2:22  Refinery  
  23  2:23  Marine  
  23  2:27  Marine  
  25  2:33  Bunker  
  25  2:36  SCV  
  26  2:40  SCV  
  26  2:41  Marine  
  28  2:47  Barracks  
  28  2:48  SCV  
  28  2:51  Barracks Tech Lab  
  29  2:52  SCV  
  30  3:00  SCV  
  30  3:04  SCV  
  32  3:07  Marine  
  32  3:11  Marine  
  32  3:12  Stimpack  
  34  3:13  SCV  
  34  3:18  Supply Depot  
  35  3:25  Marine  
  36  3:29  Marine  
  36  3:34  Marine  
  37  3:41  Factory, Engineering Bay  
  37  3:44  Barracks Reactor, Supply Depot  
  37  3:45  SCV  
  37  3:46  SCV  
  37  3:47  Marine  
  40  3:52  Marine  
  41  3:57  SCV  
  41  3:59  SCV  
  43  4:02  Supply Depot  
  43  4:06  Marine  
  43  4:08  Refinery  
  43  4:09  SCV  
  45  4:10  Marine, Terran Infantry Weapons Level 1  
  45  4:12  SCV  
  45  4:14  Supply Depot  
  47  4:21  Marine x2, SCV  
  47  4:24  Marine  
  51  4:25  SCV  
  51  4:26  Factory Reactor  
  51  4:27  Marine  
  51  4:30  Starport  
  53  4:39  Marine  
  53  4:41  SCV x2  
  53  4:42  Marauder  
  58  4:47  Missile Turret  
  58  4:50  Marine  
  58  4:51  Barracks Tech Lab, Missile Turret  
  59  4:53  SCV  
  59  4:55  SCV  
  59  4:56  Marine  
  62  5:03  Marine  
  62  5:05  SCV  
  64  5:07  SCV  
  64  5:10  Marine x2  
  64  5:11  Combat Shields  
  67  5:14  Medivac  
  67  5:16  Marine  
  67  5:19  Supply Depot  
  67  5:21  Supply Depot  
  70  5:25  Marine, Medivac  
  70  5:27  SCV  
  70  5:28  Marine  
  75  5:38  Command Center  
  75  5:40  Marine x2  
  77  5:43  SCV  
  77  5:45  Refinery, SCV  
  77  5:49  Medivac  
  81  5:51  Marine  
  81  5:52  Marine  
  81  5:55  SCV  
  84  5:58  Factory Reactor  
  84  6:01  Marine, Marauder  
  84  6:02  SCV  
  88  6:07  Terran Infantry Armor Level 1  
  88  6:08  Concussive Shells  
  88  6:09  Marine  
  88  6:10  Marauder  
  91  6:16  Barracks  
  91  6:19  Marine, SCV  
  93  6:26  Supply Depot  
  93  6:28  Supply Depot  
  93  6:30  Marine  
  94  6:36  Engineering Bay  
  94  6:39  Medivac, Armory  
  92  6:54  Marine  
  92  6:55  Marine, Marauder x2  
  92  6:57  Medivac  
  92  7:00  SCV  
  101  7:09  Medivac  
  101  7:12  Marine x2, SCV x2  
  101  7:13  Barracks  
  107  7:16  Marine  
  107  7:19  Marine  
  109  7:23  Liberator  
  109  7:24  SCV x2  
  109  7:25  Orbital Command  
  109  7:26  Liberator  
  111  7:30  Marine x2  
  111  7:34  Marauder  
  111  7:36  Command Center, SCV x2  
  117  7:37  Marine  
  117  7:38  Marine  
  117  7:39  Factory Reactor  
  125  7:47  Terran Infantry Weapons Level 2  
  125  7:49  Terran Ship Weapons Level 1  
  125  7:56  Refinery  
  125  7:57  Refinery  
  125  8:01  Supply Depot  
  125  8:03  Supply Depot  
  125  8:11  Starport  
  125  8:19  Supply Depot, Terran Infantry Armor Level 2  
  125  8:22  Marine x5, Widow Mine  
  125  8:23  SCV  
  125  8:24  Marine x2, Widow Mine, SCV x2  
  139  8:27  Supply Depot  
  139  8:31  Supply Depot  
  139  8:34  Supply Depot, Liberator x2  
  139  8:35  SCV  
  139  8:37  SCV  
  139  8:40  Marine x4  
  145  8:43  Marauder  
  145  8:45  Marine x2  
  155  8:58  Marine x2, Fusion Core  
  155  8:59  SCV x2  
  158  9:04  Marauder  
  139  9:17  Liberator x2  
  139  9:30  Marine  
  139  9:31  Marine x4, Marauder  
  144  9:32  Widow Mine x2  
  156  9:38  Refinery  
  156  9:40  Marine  
  156  9:41  Refinery  
  156  9:44  Barracks x2  
  157  9:48  Marine x2  
  157  9:50  Starport  
  147  9:52  Marauder  
  111  10:06  Marine x4  
  111  10:07  Marine  
  107  10:10  Marine  
  107  10:11  Planetary Fortress  
  107  10:12  Liberator x2  
  108  10:14  Marauder  
  106  10:24  Marine x2  
  106  10:26  Marine  
  106  10:27  Marine  
  110  10:29  Widow Mine x2  
  110  10:35  Advanced Ballistics, Marauder  
  122  10:37  Marine  
  122  10:39  SCV  
  122  10:41  SCV x2  
  126  10:49  Marine x2  
  125  10:50  Marine  
  125  10:52  SCV  
  125  10:57  Marauder  
  122  11:01  Marine, SCV x2  
  119  11:08  SCV  
  119  11:09  Marine, Terran Ship Weapons Level 2  
  115  11:18  Marine x4, Marauder  
  116  11:21  Marine  
  116  11:22  Widow Mine  
  116  11:24  Viking, Medivac, Command Center  
  123  11:27  Marine x2  
  123  11:35  Marine  
  123  11:36  Marine  
  123  11:39  Marauder  
  126  11:41  SCV  
  125  11:47  Marine  
  125  11:50  Marine x3  
  125  11:52  Marine x2, Widow Mine  
  125  11:53  Marine, Widow Mine  
  125  11:54  Marine  
  135  12:02  Marine  
  135  12:04  Marine, SCV x2  
  135  12:07  Marine  
  134  12:20  Marine x2, Marauder  
  134  12:29  Marine  
  124  12:35  SCV  
  119  12:38  SCV x2  
  119  12:40  Marine x2  
  119  12:42  Marauder  
  114  12:45  SCV  
  114  12:47  Marine x5, SCV  
  114  12:50  Terran Infantry Weapons Level 3  
  108  13:02  SCV x2  
  108  13:03  Marauder  
  112  13:08  SCV  
  108  13:15  SCV  
  104  13:24  Marauder  
  104  13:25  SCV x2  
  108  13:38  Supply Depot  
  108  13:40  Supply Depot  
  108  13:41  Supply Depot x2  
  108  13:50  Liberator  
  108  14:01  Marine x5, Marauder, SCV  
  108  14:02  Marine x3  
  122  14:17  Widow Mine x2  
  122  14:19  Marine x5  
  122  14:20  Marine x2  
  122  14:23  Marauder  
  128  14:32  Marine  
  128  14:33  SCV x2  
  129  14:39  SCV x2  
  129  14:41  Marine x2  
  129  14:42  Marine x5  
  129  14:44  Marauder  
  140  14:57  Marine  
  140  14:59  Marine x2  
  138  15:00  SCV x2  
  139  15:08  Marauder  
  132  15:17  Marine  
  83  15:30  Marauder  
Show
View Real Time Build Order
Export as new Build Order

Miszu Protoss - Winner!

Build Orders: 1 Gate Expand, Blink Stalkers 

Get SALT Encoding   

  12  0:01  Probe (Chrono Boost)  
  13  0:11  Probe (Chrono Boost)  
  14  0:18  Pylon  
  14  0:22  Probe (Chrono Boost)  
  15  0:36  Probe (Chrono Boost)  
  15  0:39  Gateway  
  16  0:47  Probe (Chrono Boost)  
  17  0:57  Probe (Chrono Boost)  
  18  1:11  Nexus  
  18  1:17  Probe (Chrono Boost)  
  19  1:20  Assimilator  
  19  1:29  Cybernetics Core  
  19  1:33  Probe (Chrono Boost)  
  19  1:37  Pylon  
  20  1:44  Probe (Chrono Boost)  
  20  1:46  Assimilator  
  21  1:54  Probe (Chrono Boost)  
  22  2:05  Probe  
  22  2:06  Adept (Chrono Boost)  
  25  2:17  Probe  
  25  2:18  Warp Gate  
  25  2:22  Probe  
  26  2:29  Adept (Chrono Boost), Probe  
  30  2:32  Probe  
  31  2:41  Mothership Core  
  31  2:43  Probe  
  33  2:45  Pylon  
  34  2:53  Probe  
  35  3:01  Twilight Council  
  35  3:02  Probe  
  35  3:04  Probe  
  37  3:14  Probe x2  
  39  3:25  Probe  
  39  3:27  Probe  
  41  3:35  Probe  
  41  3:37  Robotics Facility  
  41  3:38  Blink (Chrono Boost)  
  41  3:39  Probe  
  43  3:46  Probe  
  43  3:47  Nexus  
  42  3:51  Assimilator  
  42  3:52  Assimilator  
  42  3:55  Probe  
  43  4:02  Gateway x2, Probe  
  43  4:07  Probe  
  45  4:12  Probe  
  46  4:19  Pylon, Probe  
  47  4:24  Observer (Chrono Boost), Probe  
  49  4:31  Probe  
  49  4:35  Gateway  
  49  4:36  Probe  
  49  4:37  Gateway  
  51  4:40  Gateway  
  51  4:43  Probe  
  51  4:44  Observer (Chrono Boost)  
  53  4:51  Gateway  
  53  4:52  Gateway  
  53  4:53  Pylon  
  53  4:55  Probe x2  
  55  5:02  Immortal (Chrono Boost), Probe  
  55  5:06  Sentry  
  62  5:15  Sentry x2  
  62  5:16  Probe  
  62  5:17  Probe  
  62  5:18  Probe  
  69  5:22  Resonating Glaives  
  69  5:25  Pylon  
  69  5:27  Probe  
  69  5:29  Probe  
  69  5:33  Stalker  
  69  5:34  Probe  
  74  5:38  Probe  
  74  5:41  Probe  
  76  5:44  Immortal (Chrono Boost)  
  76  5:45  Adept x2, Stalker  
  76  5:46  Adept  
  88  5:54  Pylon  
  88  5:55  Adept x2  
  92  6:04  Probe  
  92  6:06  Pylon  
  92  6:07  Pylon  
  92  6:10  Pylon  
  93  6:15  Adept x2, Forge  
  93  6:17  Forge  
  97  6:21  Pylon  
  97  6:23  Adept x2  
  97  6:24  Stalker  
  103  6:29  Stalker x2  
  107  6:32  Stalker  
  107  6:36  Stalker  
  111  6:44  Stalker x3  
  117  6:53  Adept x2  
  121  6:54  Adept  
  123  7:05  Protoss Ground Weapons Level 1 (Chrono Boost)  
  123  7:06  Protoss Ground Armor Level 1 (Chrono Boost)  
  127  7:09  Immortal (Chrono Boost)  
  127  7:13  Assimilator x2  
  127  7:18  Probe  
  127  7:19  Probe  
  127  7:20  Pylon, Probe  
  127  7:22  Charge  
  130  7:29  Probe  
  130  7:31  Probe  
  130  7:36  Pylon  
  132  7:37  Pylon  
  132  7:40  Pylon x3  
  132  7:42  Pylon  
  132  7:43  Robotics Facility  
  132  7:44  Immortal (Chrono Boost), Pylon  
  136  7:57  Zealot x5  
  146  8:05  Pylon  
  146  8:16  Adept x3, Templar Archives  
  146  8:17  Adept, Immortal  
  158  8:27  Adept x3  
  158  8:28  Adept  
  166  8:42  Warp Prism  
  168  8:49  Nexus  
  168  8:52  Immortal  
  168  8:54  Protoss Ground Armor Level 2 (Chrono Boost)  
  168  8:55  Protoss Ground Weapons Level 2 (Chrono Boost)  
  172  9:16  High Templar  
  172  9:17  High Templar  
  140  9:18  Zealot  
  140  9:19  Adept x3, Observer  
  140  9:20  Adept  
  145  9:26  Adept  
  147  9:36  Archon  
  147  9:39  Adept  
  147  9:41  Adept x2  
  147  9:42  Adept x2  
  135  10:10  Psionic Storm  
  135  10:17  Adept x3  
  135  10:18  Adept  
  135  10:20  Adept x4, Immortal  
  151  10:25  Immortal, Probe  
  151  10:27  Probe x3  
  163  10:36  Probe  
  163  10:39  Probe x3  
  163  10:40  High Templar x3  
  173  10:43  Assimilator  
  173  10:45  Assimilator  
  173  10:47  Pylon  
  161  11:09  High Templar  
  161  11:10  High Templar x2  
  163  11:18  Pylon  
  163  11:22  Zealot x4  
  171  11:40  Pylon  
  171  11:41  Gateway  
  171  11:44  Gateway, Warp Prism  
  171  11:45  Stargate, Gateway  
  167  11:47  Gateway  
  167  11:49  Warp Prism  
  167  11:51  Protoss Ground Weapons Level 3 (Chrono Boost), Protoss Ground Armor Level 3 (Chrono Boost)  
  171  12:01  Zealot x3  
  171  12:02  Adept x2, Zealot  
  171  12:03  Adept x2  
  187  12:22  Adept x3  
  185  12:23  Adept, Zealot x4  
  187  12:38  Stargate  
  187  12:39  Void Ray  
  187  12:40  Stargate  
  187  12:43  Fleet Beacon  
  173  12:47  Adept, Zealot  
  175  12:54  Zealot x6  
  173  13:08  Warp Prism  
  159  13:26  Stalker x5  
  159  13:27  Nexus, Stalker  
  173  13:36  Pylon  
  173  13:48  Tempest x2  
  173  13:49  Tempest  
  175  14:03  Zealot  
  175  14:04  Zealot x3  
  183  14:12  Robotics Bay  
  183  14:15  Protoss Shields Level 1 (Chrono Boost)  
  183  14:17  Assimilator  
  183  14:21  Assimilator  
  179  14:37  Tempest  
  179  14:38  Tempest x2  
  187  14:59  Zealot x4  
  195  15:01  Pylon  
  182  15:29  Zealot x3  
  182  15:30  Zealot x4  
Tags
 
Add a new tag
Caveats
  • Supply blocks, unpowered buildings, or Contaminate may cause inaccurate times.
  • Supply counts are checked every 10 seconds.